 Dungeon Crawl Stone Soup version 0.27-a0-869-g165b36e3f0 (webtiles) character file.

Game seed: 11523522948529011272

992 funkygono the Magician (level 8, -5/51 HPs)
             Began as a Djinni Fire Elementalist on Apr 3, 2021.
             Was an Initiate of Elyvilon.
             Slain by an ice beast (13 damage)
             ... on level 4 of the Dungeon.
             The game lasted 00:15:13 (5814 turns).

funkygono the Magician (Djinni Fire Elementalist)   Turns: 5814, Time: 00:15:14

Health: -5/51      AC:  3    Str:  7    XL:     8   Next: 18%
Gold:   176        EV: 13    Int: 18    God:    Elyvilon [......] SH:  0 Dex: 15

rFire    + + +     SeeInvis .   e - +1 dagger (protect)
rCold    x x .     Faith    .   (no shield)
rNeg     . . .     Spirit   .   a - +0 robe
rPois    ∞         Reflect  .   p - +0 helmet
rElec    .         Harm     .   (no cloak)
rCorr    .         Rampage  .   (no gloves)
Will     .....                  (boots unavailable)
Stlth    ++........             (no amulet)
HPRegen  0.17/turn              f - ring of fire
MPRegen  0.00/turn              (no ring)

@: flying
A: fire resistance 2, cold vulnerability 1, float, innate caster, hp casting,
extra vitality 1
a: Renounce Religion


You were on level 4 of the Dungeon.
You worshipped Elyvilon.
Elyvilon was noncommittal.
You visited 2 branches of the dungeon, and saw 6 of its levels.

You collected 176 gold pieces.

Inventory:

Hand Weapons
 e - a +1 dagger of protection (weapon)
 g - a +2 dagger of freezing
 t - a +4 rapier of venom
Armour
 a - a +0 robe (worn)
 i - a +0 leather armour
 p - a +0 helmet (worn)
 q - a +0 kite shield
 v - a +1 ring mail of fire resistance
Jewellery
 f - a ring of fire (left hand)
Wands
 l - a wand of mindburst (6)
 o - a wand of flame (32)
Scrolls
 c - a scroll of summoning
 n - a scroll of amnesia {unknown}
 u - a scroll of identify
Potions
 b - a potion of brilliance
 d - 3 potions of invisibility
 h - 3 potions of curing
 j - 3 potions of heal wounds
 m - a potion of might {unknown}
 r - a potion of berserk rage {unknown}
 s - a potion of haste {unknown}


   Skills:
 + Level 0.3 Fighting
 * Level 4.2 Dodging
 - Level 1.5 Stealth
 * Level 7.7 Spellcasting


You couldn't memorise any spells.
You knew the following spells:

 Your Spells              Type           Power      Damage    Failure   Level
a - Foxfire               Conj/Fire      100%       2x1d9     1%          1
b - Conjure Flame         Conj/Fire      51%        6-21      1%          3
c - Inner Flame           Hex/Fire       51%        N/A       1%          3
d - Sticky Flame          Conj/Fire      51%        2d7       4%          4
e - Fireball              Conj/Fire      25%        3d11      12%         5
f - Sting                 Tmut/Pois      100%       1d8       1%          1
g - Passwall              Tmut/Erth      28%        N/A       1%          2
h - Teleport Other        Tloc           34%        N/A       1%          3
Your spell library was empty.

Dungeon Overview and Level Annotations

Branches:
Dungeon (5/15)             Temple (1/1) D:5

Altars:
Ashenzari
Cheibriados
Dithmenos
Elyvilon
Fedhas
Gozag
Hepliaklqana
Kikubaaqudgha
Makhleb
Nemelex Xobeh
Okawaru
Qazlal
Ru
Sif Muna
Trog
Uskayaw
Vehumet
Wu Jian
Xom
Yredelemnul
Zin
The Shining One


Innate Abilities, Weirdness & Mutations

You are immune to poison.
Your flesh is very heat resistant. (rF++)
You are vulnerable to cold. (rC-)
You float through the air rather than walking.
You learn spells naturally, not from books.
Your magical power is your life essence.
You have superior vitality. (+4 HP)


Message History

Aim: an ice beast (22% to evade)
The sting hits the ice beast.
The ice beast is poisoned.
The ice beast is lightly wounded.
The ice beast closely misses you.
Unknown command.
The centaur looks more healthy.
The ice beast looks more healthy.
Things that are here:
a +0 robe; a +0 dagger
Casting: Sting (safe; 1% risk of failure)
Confirm with . or Enter, or press ? or * to list all spells.
You feel a surge of power!
The fire begins to smolder!
The ice beast smothers the flame.
There is a stone staircase leading up here.
The ice beast hits you but does no damage.
You fly upwards.
There is a stone staircase leading down here.
There is an open door here.
Casting: Conjure Flame (safe; 1% risk of failure)
Confirm with . or Enter, or press ? or * to list all spells.
You feel a surge of power!
You conjure some foxfire!
The ice beast barely misses you.
Your foxfire dissipates!
The foxfire hits the ice beast.
The ice beast melts!
The ice beast is moderately wounded.
Casting: Foxfire (safe; 1% risk of failure)
Confirm with . or Enter, or press ? or * to list all spells.
Aiming: Sting (safe; 1% risk of failure)
Press: ? - help, Shift-Dir - straight line, f - ice beast
Aim: an ice beast (moderately wounded, 22% to evade)
The sting hits the ice beast but does no damage.
The ice beast is poisoned.
The ice beast is moderately wounded.
The ice beast hits you. The ice beast freezes you!
You feel a terrible chill!
* * * LOW HITPOINT WARNING * * *
The ice beast looks more healthy.
The ice beast hits you.
* * * LOW HITPOINT WARNING * * *
The ice beast freezes you!
You feel a terrible chill!
You die...

#...÷÷#........#
#.....#..).....#
###..##..################
.##.###..###..##...#.>..#
.........#..............#
.....[...#..............#
.......:.#..............#
.........#..............#
>........#......@Y......#
..##..##'##..###.####...#
..##..##.##..########...#
..#....#.........#......#
..#...>'.........#......#
####..###...###..###....#
.##############..###....#
....†...# #...........#
........# #...........#


You could see an ice beast.

Vanquished Creatures
  Eustachio (D:4)
  A steam dragon (D:4)
  Duvessa (D:5)
  2 ogres (D:5)
  A scorpion (D:4)
  Dowan (D:5)
  A hound (D:5)
  A bullfrog skeleton (D:4)
  4 orc wizards (D:4)
  A hound zombie (D:5)
  4 adders
  4 worms
  5 dart slugs
  9 orcs
  9 ball pythons
  5 endoplasms
  4 giant cockroaches
  7 goblins
  7 hobgoblins
  10 jackals
  3 quokkas (D:4)
  7 bats
  5 frilled lizards
  6 kobolds
  22 rats
121 creatures vanquished.

Vanquished Creatures (others)
  311 foxfires
311 creatures vanquished.

Grand Total: 432 creatures vanquished

Notes
Turn   | Place    | Note
-------+----------+-------------------------------------------
     0 | D:1      | funkygono the Djinni Fire Elementalist began the quest for
                  | the Orb.
     0 | D:1      | Reached XP level 1. HP: 15/15 MP: 0/0
   179 | D:1      | Reached skill level 3 in Spellcasting
   179 | D:1      | Reached XP level 2. HP: 15/21 MP: 0/0
   719 | D:1      | Found a faded altar of an unknown god.
   770 | D:1      | Reached XP level 3. HP: 24/25 MP: 0/0
   770 | D:1      | Learned a level 1 spell: Sting
  1727 | D:2      | Reached XP level 4. HP: 29/31 MP: 0/0
  2308 | D:3      | Reached skill level 4 in Spellcasting
  2700 | D:3      | Found a glowing golden altar of the Shining One.
  3120 | D:3      | Found a hazy altar of Hepliaklqana.
  3120 | D:3      | Found a glowing silver altar of Zin.
  3562 | D:4      | Reached XP level 5. HP: 33/35 MP: 0/0
  3562 | D:4      | Learned a level 2 spell: Passwall
  3806 | D:4      | Reached skill level 5 in Spellcasting
  3814 | D:4      | Reached XP level 6. HP: 29/40 MP: 0/0
  4339 | D:4      | Noticed Eustachio
  4363 | D:4      | Killed Eustachio
  4364 | D:4      | Reached skill level 6 in Spellcasting
  4364 | D:4      | Reached XP level 7. HP: 30/45 MP: 0/0
  4364 | D:4      | Learned a level 3 spell: Teleport Other
  4563 | D:4      | Noticed a steam dragon
  4574 | D:4      | Killed a steam dragon
  4846 | D:4      | Found a sparkling altar of Nemelex Xobeh.
  4847 | D:4      | Found an opulent altar of Gozag.
  5019 | D:5      | Entered Level 5 of the Dungeon
  5108 | D:5      | Reached skill level 7 in Spellcasting
  5284 | D:5      | Noticed Duvessa
  5284 | D:5      | Noticed Dowan
  5317 | D:5      | Killed Duvessa
  5317 | D:5      | HP: 2/45 [Dowan/shard of ice (19)]
  5318 | D:5      | Reached XP level 8. HP: 2/50 MP: 0/0
  5318 | D:5      | Killed Dowan
  5455 | D:5      | Found a staircase to the Ecumenical Temple.
  5461 | Temple   | Entered the Ecumenical Temple
  5716 | Temple   | Became a worshipper of Elyvilon the Healer
  5814 | D:4      | Slain by an ice beast

Illustrated notes

Levels and vault maps discovered:
D:1:      dpeg_arrival_three_same_balls, layout_basic, basic_ecumenical_altar
D:2:      layout_basic
D:3:      layout_loops_cross, tso_oasis_becter,
          gammafunk_temple_overflow_statue, st_stairs_8, grunt_ministairs_13,
          guppyfry_early_orc_mine
D:4:      layout_gridville, grunt_temple_overflow_opulence,
          nicolae_overflow_crystal_walls, minmay_rat_hole, uniq_eustachio
D:5:      layout_basic, minmay_temple_entry_enclosed_plants,
          ebering_ghost_reflecting_pool, minmay_circle_x, uniq_duvessa
Temple:   eino_temple_rhombus

Skill      XL: |  1  2  3  4  5  6  7 |
---------------+----------------------+-----
Spellcasting   | 3 4 5 6 7 |  7.7
Dodging        | 3 4 |  4.2
Fighting       | |  0.3
Stealth        | |  1.5

Action                   |  1- 3 |  4- 6 |  7- 9 || total
-------------------------+-------+-------+-------++-------
Melee: Dagger            |       |     5 |     1 ||     6
 Cast: Foxfire           |    51 |   113 |    31 ||   195
       Sting             |     8 |    10 |    16 ||    34
       Conjure Flame     |       |       |     1 ||     1
  Use: Scroll            |     2 |     5 |     5 ||    12
       Potion            |       |       |     1 ||     1
Armor: Robe              |     4 |     3 |     2 ||     9
Dodge: Dodged            |    12 |     7 |    15 ||    34

Table legend: (Time is in decaauts)
 A = Elapsed time spent in this place.
 B = Non-inter-level travel time spent in this place.
 C = Inter-level travel time spent in this place.
 D = Time resting spent in this place.
 E = Time spent auto-exploring this place.
 F = Levels seen in this place.
 G = Mean time per level.
                   A        B        C        D        E       F      G
               +--------+--------+--------+--------+--------+-----+--------+
         Total |   5813 |   5571 |    242 |    454 |   4243 |   6 |  968.8 |
       Dungeon |   5546 |   5315 |    231 |    454 |   4105 |   5 | 1109.2 |
        Temple |    266 |    255 |     11 |      0 |    138 |   1 |  266.0 |
               +--------+--------+--------+--------+--------+-----+--------+

Top non-repeatable levels by time:
     D:4: 1517 daAuts
     D:3: 1225 daAuts
     D:1: 1196 daAuts
     D:2: 1104 daAuts
     D:5: 502 daAuts
  Temple: 266 daAuts
